 Dungeon Crawl Stone Soup version 0.23-a0-712-g3a644c0 (webtiles) character file.

39 Lavandula the Vandal (level 3, 0/23 HPs)
             Began as a Halfling Arcane Marksman on Jan 15, 2019.
             Slain by a centaur zombie (5 damage)
             ... in an ossuary.
             The game lasted 00:06:03 (883 turns).

Lavandula the Vandal (Halfling Arcane Marksman)      Turns: 883, Time: 00:06:04

Health: 0/23       AC:  3    Str: 11    XL:     3   Next: 67%
Magic:  4/4        EV: 15    Int: 11    God:
Gold:   46         SH:  0    Dex: 15    Spells: 3/4 levels left

rFire    . . .     SeeInvis .   a - +0 hunting sling
rCold    . . .     Gourm    .   (shield restricted)
rNeg     . . .     Faith    .   e - +0 robe
rPois    .         Spirit   .   (no helmet)
rElec    .         Reflect  .   m - +0 cloak
rCorr    .         Harm     .   (no gloves)
MR       .....                  (no boots)
Stlth    +.........             (no amulet)
HPRegen  0.07/turn              (no ring)
MPRegen  0.09/turn              (no ring)

@: marked
A: small, mutation resistance 1
a: no special abilities


You were in an ossuary.
You were not hungry.

You visited 1 branch of the dungeon, and saw 4 of its levels.
You also visited: Ossuary.

You collected 46 gold pieces.

Inventory:

Hand Weapons
 a - a +0 hunting sling (weapon)
 p - a +0 blowgun
Missiles
 d - 10 sling bullets (quivered)
 o - 9 poisoned needles
Armour
 e - a +0 robe (worn)
 m - a +0 cloak (worn)
Scrolls
 c - a scroll of blinking {unknown}
 g - a scroll of magic mapping {unknown}
 h - a scroll of teleportation {unknown}
 k - 2 scrolls of amnesia
Potions
 b - a potion of magic {unknown}
 j - a potion of mutation {unknown}
 n - a potion of heal wounds
Comestibles
 f - a ration


   Skills:
 - Level 1.0 Fighting
 + Level 4.9 Slings
 - Level 2.2 Dodging
 - Level 1.0 Spellcasting
 - Level 2.7 Hexes


You had 3 spell levels left.
You knew the following spells:

 Your Spells              Type           Power        Failure   Level  Hunger
a - Corona                Hex            #......      11%         1    ##.....

Your spell library contained the following spells:

 Spells                   Type           Power        Failure   Level  Hunger
 Slow                     Hex            #.......     16%         2    ###....
 Inner Flame              Hex/Fire       #.......     50%         3    ####...
 Portal Projectile        Hex/Tloc       #.....       50%         3    ####...
 Cause Fear               Hex            #.........   71%         4    #####..
 Leda's Liquefaction      Hex/Erth       #.........   88%         4    #####..


Dungeon Overview and Level Annotations

Branches:
Dungeon (4/15)
 Temple: D:4-7

Altars:
Vehumet


Innate Abilities, Weirdness & Mutations

You are small and have problems with some larger weapons.
You are somewhat resistant to further mutation.


Message History

Aim: a centaur zombie (almost destroyed)
You shoot a sling bullet.
The sling bullet completely misses the centaur zombie.
The sling bullet hits the hobgoblin zombie.
The hobgoblin zombie is severely damaged.
The centaur zombie hits you. The centaur zombie misses you.
The human zombie hits you.
* * * LOW HITPOINT WARNING * * *
The centaur zombie closely misses you.
You are too injured to fight recklessly!
Firing (i - inventory)
d - 11 sling bullets (quivered)
Press: ? - help, Shift-Dir - straight line, f/p - centaur zombie
Aim: a centaur zombie (almost destroyed)
You shoot a sling bullet.
The sling bullet hits the centaur zombie but does no damage.
The centaur zombie is almost destroyed.
The adder zombie bites you.
* * * LOW HITPOINT WARNING * * *
The centaur zombie hits you.
You die...

######################
#....................#
#....................#
#........8..8.ZZ.....#
#.........ZZZZZZ@....#
#...######ZZ######...#
#...# #.(# #...# #...#
#..# #...#
#...#.####MZ####.#...#
#...#.Z........Z.#...#
#...#.......####.#...#
#...#.......# #...#
#...#.......# #...#


You could see 2 adder zombies, a jackal zombie, 2 hobgoblin zombies, a kobold
zombie, 2 centaur zombies and 2 human zombies.

Vanquished Creatures
  An ooze (D:3)
  4 goblins
  A hobgoblin (D:1)
  3 jackals (D:2)
  A kobold (D:3)
  A ball python (D:3)
  4 bats
  2 frilled lizards
  5 hobgoblin zombies (Ossuary)
  6 kobold zombies (Ossuary)
  9 orc zombies (Ossuary)
  2 rats
39 creatures vanquished.

Notes
Turn   | Place    | Note
-------+----------+-------------------------------------------
     0 | D:1      | Lavandula the Halfling Arcane Marksman began the quest for
                  | the Orb.
     0 | D:1      | Reached XP level 1. HP: 12/12 MP: 2/2
    97 | D:1      | Reached XP level 2. HP: 18/18 MP: 1/3
   137 | D:2      | Found a radiant altar of Vehumet.
   171 | D:2      | Reached skill level 1 in Fighting
   368 | D:3      | Reached skill level 4 in Slings
   368 | D:3      | Reached XP level 3. HP: 23/23 MP: 4/4
   455 | D:4      | Noticed a scorpion
   469 | D:4      | Found a sand-covered staircase.
   476 | Ossuary  | Entered an ossuary
   883 | Ossuary  | Slain by a centaur zombie

Vault maps used:
D:1:      dpeg_arrival_refuge
D:2:      nicolae_overflow_hidden_temple, nrook_mini_vaults, uniq_terence,
          uniq_jessica
D:3:      tgw_sif, uniq_crazy_yiuf_cottage
D:4:      enter_ossuary_4, chequers_arboretum, minivault_11,
          minmay_misc_feat_hallway, uniq_robin
Ossuary:  ossuary_tomb_1

Skill      XL: |  1  2 |
---------------+-------+-----
Fighting       | 1 |  1.0
Slings         | 4 |  4.9
Dodging        | |  2.2
Spellcasting   | |  1.0
Hexes          | |  2.7

Action                   || total
-------------------------++-------
 Fire: Hunting sling     ||   113
 Cast: Corona            ||     6
  Use: Scroll            ||     2
Armor: Robe              ||     7
Dodge: Dodged            ||    42

Table legend:
 A = Non-vault XP
 B = Vault XP
 C = Vault XP percentage of total XP
 D = Non-vault monster count
 E = Vault monster count
 F = Vault count percentage of total count
                 A         B        C        D         E       F
            +---------+---------+-------+---------+---------+-------
      Total |      34 |      22 |  39.3 |      18 |      21 |  53.8
            +---------+---------+-------+---------+---------+-------
        D:1 |      10 |       0 |   0.0 |       7 |       0 |   0.0
        D:2 |      12 |       0 |   0.0 |       7 |       0 |   0.0
        D:3 |      12 |       0 |   0.0 |       4 |       0 |   0.0
        D:4 |       0 |       2 | 100.0 |       0 |       1 | 100.0
    Ossuary |       0 |      20 | 100.0 |       0 |      20 | 100.0
            +---------+---------+-------+---------+---------+-------
